 Dungeon Crawl Stone Soup version 0.24-a0-335-g06ca16a (webtiles) character file.

Game seed: 15487108221959289789

14 Diablos the Skirmisher (level 2, 18/24 HPs)
             Began as a Demonspawn Fighter on May 19, 2019.
             Quit the game on level 1 of the Dungeon.
             The game lasted 00:00:15 (149 turns).

Diablos the Skirmisher (Demonspawn Fighter)          Turns: 149, Time: 00:00:16

Health: 18/24      AC:  6    Str: 16    XL:     2   Next: 27%
Magic:  2/2        EV:  7    Int:  9    God:
Gold:   14         SH:  8    Dex: 12    Spells: 1/1 levels left

rFire    . . .     SeeInvis .   a - +0 war axe
rCold    . . .     Gourm    .   c - +0 shield
rNeg     . . .     Faith    .   b - +0 scale mail
rPois    .         Spirit   .   (no helmet)
rElec    .         Reflect  .   (no cloak)
rCorr    .         Harm     .   (no gloves)
MR       .....     Rnd*Tele +   (no boots)
Stlth    ..........             (no amulet)
HPRegen  0.08/turn              j - ring of teleportation (curse)
MPRegen  0.08/turn              (no ring)

@: no status effects
A: hooves 1
a: no special abilities


You were on level 1 of the Dungeon.
You were not hungry.

You visited 1 branch of the dungeon, and saw 1 of its levels.

You collected 14 gold pieces.

Inventory:

Hand Weapons
 a - a +0 war axe (weapon)
Armour
 b - a +0 scale mail (worn)
 c - a +0 shield (worn)
Jewellery
 j - a cursed ring of teleportation (left hand)
Scrolls
 h - a scroll of amnesia {unknown}
 i - a scroll of noise {unknown}
Potions
 d - a potion of might
 e - 2 potions of curing {unknown}
 g - a potion of agility {unknown}
Comestibles
 f - 3 rations


   Skills:
 + Level 3.1 Fighting
 + Level 2.0 Axes
 + Level 2.8 Armour
 + Level 0.2 Dodging
 + Level 3.0 Shields


You had one spell level left.
You didn't know any spells.
Your spell library was empty.

Dungeon Overview and Level Annotations

Branches:
Dungeon (1/15)

Altars:


Innate Abilities, Weirdness & Mutations

You have large cloven feet.


Message History

You hit the leopard gecko.
You kill the leopard gecko!
The leopard gecko closely misses you.
You hit the leopard gecko. Your kick misses the leopard gecko.
The leopard gecko is moderately wounded.
You block the leopard gecko's attack. x2
You closely miss the leopard gecko. You kick the leopard gecko.
The leopard gecko is almost dead.
The leopard gecko bites you but does no damage.
The leopard gecko barely misses you.
You slash the leopard gecko!
You kill the leopard gecko!
No target in view!
No target in view!
No target in view!
j - a glowing tourmaline ring Put on which piece of jewellery? (? for menu, Esc to quit)
You feel slightly jumpy.
Oops, that ring feels deathly cold.
j - a cursed ring of teleportation (left hand) Are you sure you want to abandon this character and quit the game? (Confirm with "yes".)

### # #.# #.. ###
#.# #.# '.+ #.# #.#
### #.# #.# # #.#
#.# .#### #.# #.#
......###.#####.###
.>....††.@........#
#################.#
#.# #.# #..# #.#
#..# #.# #..# #.##
#..# #..# #..# ##.#


There were no monsters in sight!

Vanquished Creatures
  2 leopard geckos (D:1)
  A hobgoblin (D:1)
  4 jackals (D:1)
  A bat (D:1)
  2 frilled lizards (D:1)
  A rat (D:1)
11 creatures vanquished.

Notes
Turn   | Place    | Note
-------+----------+-------------------------------------------
     0 | D:1      | Diablos the Demonspawn Fighter began the quest for the Orb.
     0 | D:1      | Reached XP level 1. HP: 18/18 MP: 1/1
   134 | D:1      | Gained mutation: You have large cloven feet. [demonic
                  | ancestry]
   134 | D:1      | Reached XP level 2. HP: 20/24 MP: 2/2
   149 | D:1      | Quit the game

Levels and vault maps discovered:
D:1:      minmay_arrival_doors, layout_loops_ring, minmay_misc_feat_four_crosses

Skill      XL: |  1  2 |
---------------+-------+-----
Axes           | 2 |  2.0
Shields        | 3 |  3.0
Fighting       | |  3.1
Armour         | |  2.8
Dodging        | |  0.2

Action                   || total
-------------------------++-------
Melee: War axe           ||    27
       Kick              ||     3
Armor: Scale mail        ||    10
Dodge: Dodged            ||     8
Block: Shield            ||    16

Table legend:
 A = Non-vault XP
 B = Vault XP
 C = Vault XP percentage of total XP
 D = Non-vault monster count
 E = Vault monster count
 F = Vault count percentage of total count
                 A         B        C        D         E       F
            +---------+---------+-------+---------+---------+-------
      Total |      20 |       0 |   0.0 |      11 |       0 |   0.0
            +---------+---------+-------+---------+---------+-------
        D:1 |      20 |       0 |   0.0 |      11 |       0 |   0.0
            +---------+---------+-------+---------+---------+-------
